 Dungeon Crawl Stone Soup version 0.24-a0-584-g9d6b971ae4 (webtiles) character file.

Game seed: 5891553976093224356, levelgen mode: deterministic

72 Mithandil the Skirmisher (level 4, 0/35 HPs)
             Began as a Demonspawn Abyssal Knight on Sept 4, 2019.
             Was a Follower of Lugonu.
             Slain by a river rat (8 damage)
             ... on level 3 of the Dungeon.
             The game lasted 00:04:58 (1165 turns).

Mithandil the Skirmisher (DsAK)                     Turns: 1165, Time: 00:04:59

Health: 0/35       AC:  6    Str: 13    XL:     4   Next: 7%
Magic:  6/6        EV: 11    Int: 14    God:    Lugonu [*.....]
Gold:   63         SH:  0    Dex: 12    Spells: 3/3 levels left

rFire    . . .     SeeInvis .   a - +1 falchion
rCold    . . .     Gourm    .   (no shield)
rNeg     . . .     Faith    .   b - +0 leather armour
rPois    .         Spirit   .   (no helmet)
rElec    .         Reflect  .   (no cloak)
rCorr    .         Harm     .   (no gloves)
MR       .....                  d - +0 pair of boots
Stlth    +.........             (no amulet)
HPRegen  0.11/turn              (no ring)
MPRegen  0.10/turn              (no ring)

@: no status effects
A: iridescent scales 1, demonic guardian 1
a: Depart the Abyss, Renounce Religion


You were on level 3 of the Dungeon.
You worshipped Lugonu.
Lugonu was aware of your devotion.
You were not hungry.

You visited 1 branch of the dungeon, and saw 3 of its levels.
You visited the Abyss 1 time.

You collected 63 gold pieces.

Inventory:

Hand Weapons
 a - a +1 falchion (weapon)
Missiles
 j - 21 stones (quivered)
 k - 6 javelins
 m - 17 arrows
Armour
 b - a +0 leather armour (worn)
 d - a +0 pair of boots (worn)
Scrolls
 e - a scroll of blinking {unknown}
 f - a scroll of fog {unknown}
 g - a scroll of enchant armour {unknown}
 i - a scroll of identify {unknown}
 n - a scroll of noise {unknown}
Potions
 h - a potion of resistance
Comestibles
 c - 5 rations
 l - 3 chunks of flesh


   Skills:
 + Level 3.3 Fighting
 * Level 2.5 Long Blades
 + Level 2.2 Armour
 + Level 1.3 Dodging
 + Level 0.9 Stealth
 + Level 0.6 Unarmed Combat
 + Level 3.1 Invocations


You had 3 spell levels left.
You didn't know any spells.
Your spell library was empty.

Dungeon Overview and Level Annotations

Branches:
Dungeon (3/15)

Altars:
Cheibriados

Portals:
Sewer: D:3


Innate Abilities, Weirdness & Mutations

You are partially covered in iridescent scales. (AC +2)
A weak demonic guardian rushes to your aid.


Message History

The ball python constricts you.
You hit the ball python. Your punch misses the ball python.
The ball python is severely wounded.
The ball python bites you but does no damage.
The ball python constricts you.
You hit the ball python.
You kill the ball python!
Lugonu accepts your kill.
l - 3 chunks of flesh (gained 1)
You see here a rat skeleton.
A worm comes into view.
A river rat comes into view.
You see here a scroll labeled WOILER GEAZYIN.
n - a scroll labeled WOILER GEAZYIN
Found a glowing drain.
You closely miss the river rat. The river rat bites you.
* * * LOW HITPOINT WARNING * * *
You closely miss the river rat. The river rat barely misses you.
The river rat bites you!
You die...

#... #..#..###........
#...##.............†..
................).....
....>..##÷.......÷..
#.#.#....##........
.#####......####...<....
........................
...........##...........
.......@.....).........#
......wr...##..........#
.##≈≈.≈≈##.##..........#
#≈≈.≈≈##..(..........#
≈≈.≈...≈≈.###.........#
.≈≈....≈≈ .# .....∩..≈
.≈≈.....≈≈


You could see a worm and a river rat.

Vanquished Creatures
  3 adders
  2 dart slugs
  A leopard gecko (D:1)
  2 giant cockroaches
  4 goblins
  6 hobgoblins
  4 jackals
  2 ball pythons
  2 bats (D:1)
  6 frilled lizards (D:1)
  3 kobolds
  6 rats
41 creatures vanquished.

Notes
Turn   | Place    | Note
-------+----------+-------------------------------------------
     0 | Abyss:1  | Mithandil the Demonspawn Abyssal Knight began the quest for
                  | the Orb.
     0 | Abyss:1  | Reached XP level 1. HP: 18/18 MP: 2/2
    33 | Abyss:1  | Noticed a purple draconian
    33 | Abyss:1  | Noticed a raiju
    34 | D:1      | Escaped the Abyss
   100 | D:1      | Reached skill level 1 in Dodging
   108 | D:1      | Gained mutation: You are partially covered in iridescent
                  | scales. (AC +2) [demonic ancestry]
   108 | D:1      | Reached XP level 2. HP: 16/24 MP: 3/3
   130 | D:1      | Reached * piety under Lugonu
   318 | D:2      | Reached XP level 3. HP: 20/29 MP: 5/5
  1048 | D:2      | Found a snail-covered altar of Cheibriados.
  1117 | D:3      | Gained mutation: A weak demonic guardian rushes to your
                  | aid. [demonic ancestry]
  1117 | D:3      | Reached XP level 4. HP: 14/35 MP: 6/6
  1162 | D:3      | Found a glowing drain.
  1165 | D:3      | Slain by a river rat

Levels and vault maps discovered:
D:1:      lightli_iron_boxes, layout_rooms
D:2:      layout_basic, kennysheep_slug_shrine, first_ration
D:3:      layout_rooms, cheibrodos_sewer_entry_sluice, ebering_ghost_sewer_f

Skill      XL: |  1  2  3 |
---------------+----------+-----
Dodging        | 1 |  1.3
Long Blades    | 2 |  2.5
Armour         | 2 |  2.2
Invocations    | 3 |  3.1
Fighting       | |  3.3
Stealth        | |  0.9
Unarmed Combat | |  0.6

Action                   |  1- 3 |  4- 6 || total
-------------------------+-------+-------++-------
Melee: Falchion          |   106 |    14 ||   120
Invok: Depart the Abyss  |     1 |       ||     1
  Use: Scroll            |     1 |       ||     1
       Potion            |     1 |       ||     1
  Eat: Chunk             |     1 |       ||     1
Armor: Leather armour    |    45 |     8 ||    53
Dodge: Dodged            |    87 |     7 ||    94
       Rpst.: Falchion   |    35 |     1 ||    36

Table legend:
 A = Non-vault XP
 B = Vault XP
 C = Vault XP percentage of total XP
 D = Non-vault monster count
 E = Vault monster count
 F = Vault count percentage of total count
                 A         B        C        D         E       F
            +---------+---------+-------+---------+---------+-------
      Total |     100 |       4 |   3.8 |      40 |       1 |   2.4
            +---------+---------+-------+---------+---------+-------
        D:1 |      42 |       0 |   0.0 |      26 |       0 |   0.0
        D:2 |      27 |       4 |  12.9 |       9 |       1 |  10.0
        D:3 |      31 |       0 |   0.0 |       5 |       0 |   0.0
            +---------+---------+-------+---------+---------+-------
